 Dungeon Crawl Stone Soup version 0.20.1-1-g8b1a95d66d (webtiles) character file.

149 willthinkwithportals the Slasher (level 5, -1/45 HPs)
             Began as a Draconian Gladiator on June 23, 2018.
             Slain by a gnoll
             ... wielding a +0 flail
              (7 damage)
             ... on level 3 of the Dungeon.
             The game lasted 00:11:59 (3008 turns).

willthinkwithportals the Slasher (DrGl)             Turns: 3008, Time: 00:12:00

Health: -1/45      AC:  5    Str: 20    XL:     5   Next: 9%
Magic:  5/5        EV: 13    Int:  9    God:
Gold:   114        SH:  0    Dex: 12    Spells: 4/4 levels left

rFire    . . .     SeeInvis .   a - +0 long sword
rCold    . . .     Gourm    .   (no shield)
rNeg     . . .     Faith    .   (armour unavailable)
rPois    .         Spirit   .   b - +0 hat
rElec    .         Reflect  .   (no cloak)
rCorr    .         Harm     .   (no gloves)
MR       .....     Clarity  +   (no boots)
Stlth    +.........             (no amulet)
Regen    0.2/turn               r - +5 ring of strength
MPRegen  0.1/turn               (no ring)

@: no status effects
A: unfitting armour, hooves 1, clarity, weak 1, cold-blooded, subdued magic 1,
AC +5
a: no special abilities


You were on level 3 of the Dungeon.
You were not hungry.

You visited 1 branch of the dungeon, and saw 3 of its levels.

You collected 114 gold pieces.

Inventory:

Hand Weapons
 a - a +0 long sword (weapon)
 f - a +0 falchion
 g - a +1 whip of venom
 m - a +1 dagger of venom
 n - a +0 hunting sling
Missiles
 c - 3 throwing nets (quivered)
Armour
 b - a +0 hat (worn)
 e - a +0 leather armour
 k - +0 storm dragon scales
Jewellery
 r - a +5 ring of strength (left hand)
Scrolls
 d - a scroll of blinking
 i - a scroll of amnesia
 j - a scroll of remove curse
 o - 2 scrolls of teleportation
 p - 4 scrolls of identify
Comestibles
 h - a royal jelly
 q - a bread ration


   Skills:
 + Level 3.0 Fighting
 + Level 4.7 Long Blades
 + Level 1.8 Throwing
 + Level 3.5 Dodging
 + Level 0.4 Stealth


You had 4 spell levels left.
You didn't know any spells.

Dungeon Overview and Level Annotations

Branches:
Dungeon (3/15)

Altars:


Innate Abilities, Weirdness & Mutations

Your plain brown scales are hard. (AC +5)
You cannot fit into any form of body armour.
You are cold-blooded and may be slowed by cold attacks.
You have large cloven feet.
You possess an exceptional clarity of mind.
You are weak. (Str -2)
Your spells are a little easier to cast, but a little less powerful.


Message History

* * * LOW HITPOINT WARNING * * *
You aren't carrying any potions.
You slash the gnoll!
You kill the gnoll!
You have reached level 5!
The adder misses you.
Things that are here:
a club; a gnoll corpse You closely miss the adder.
You kick the adder, but do no damage.
Your tail-slap misses the adder.
The adder closely misses you. x2
You riposte.
You hit the adder. You kick the adder. You tail-slap the adder.
You kill the adder!
You hit the gnoll but do no damage. You kick the gnoll.
You tail-slap the gnoll, but do no damage.
The gnoll is lightly wounded.
The gnoll closely misses you.
You barely miss the gnoll.
Your tail-slap misses the gnoll.
The gnoll is lightly wounded.
The gnoll hits you with a flail!
You die...

..##..## ##
.......
#####..#
.#....... #
##.###
.........
#...###
#......#
###...#
#......# ###.##
#.# #..# #b#
##.####g######
#.....@.....#..
#####.........#
#.......#..
#....<..#
#########


You could see a gnoll and a bat.

Vanquished Creatures
  6 gnolls (D:3)
  4 adders
  A worm (D:2)
  A dart slug (D:3)
  6 bats
  2 giant cockroaches
  9 hobgoblins
  2 quokkas (D:2)
  2 frilled lizards
  5 goblins
  11 kobolds
  4 rats
53 creatures vanquished.

Notes
Turn   | Place    | Note
-------+----------+-------------------------------------------
     0 | D:1      | willthinkwithportals the Draconian Gladiator began the quest for the Orb.
     0 | D:1      | Reached XP level 1. HP: 17/17 MP: 1/1
   249 | D:1      | Reached XP level 2. HP: 20/24 MP: 2/2
  1603 | D:2      | Reached XP level 3. HP: 29/29 MP: 3/3
  1705 | D:2      | Reached skill level 4 in Long Blades
  1887 | D:2      | Reached XP level 4. HP: 37/37 MP: 4/4
  2248 | D:2      | Gained mutation: You are weak. (Str -2) [potion of mutation]
  2248 | D:2      | Gained mutation: Your spells are a little easier to cast, but a little less powerful. [potion of mutation]
  2248 | D:2      | Gained mutation: You possess an exceptional clarity of mind. [potion of mutation]
  2248 | D:2      | Gained mutation: You have large cloven feet. [potion of mutation]
  3003 | D:3      | Reached XP level 5. HP: 5/45 MP: 5/5
  3008 | D:3      | Slain by a gnoll

Skill      XL: |  1  2  3  4 |
---------------+-------------+-----
Dodging        | 3 |  3.5
Long Blades    | 4 |  4.7
Fighting       | 3 |  3.0
Throwing       | |  1.8
Stealth        | |  0.4

Action                   |  1- 3 |  4- 6 || total
-------------------------+-------+-------++-------
Melee: Long sword        |    92 |    47 ||   139
       Tailslap          |    11 |     6 ||    17
       Kick              |       |    12 ||    12
  Use: Scroll            |     6 |     1 ||     7
       Potion            |     1 |     2 ||     3
  Eat: Bread ration      |     1 |       ||     1
       Meat ration       |       |     1 ||     1
Armor: Skin              |    28 |    13 ||    41
Dodge: Dodged            |    84 |    38 ||   122
       Rpst.: Long sword |    33 |    10 ||    43
